AoeStats
← samouriyo

African Clearing

505662928Analyzed
4v4 RM · 23d ago on Sep 10, 2026· 43m 13s· 8 players
Game mode
Random Map
Map size
Large (8 player)
Population
200
Speed
Normal
Resources
Standard
Victory
Conquest
Starting age
Dark Age
Ending age
Imperial Age
RankedLock teamsTeams togetherTeam positionsShared explorationLock speedFull tech treeHidden civsTurbo modeCheats
Victory
Defeat
🇹🇷 Maya · Türkiye
1170
+14
🇯🇵 Cumans · Japan
1169
+14
🇦🇷 Huns · Argentina
1151
+14
🇨🇳 Byzantines · China
1132
+15
🇨🇳 Franks · China
1196
-17
🇨🇳 Vietnamese · China
1112
-14
🇹🇼 Hindustanis · Taiwan
1080
-13
🇩🇪 Bohemians · Germany
1077
-13
samouriyo
10:44 Loom
14:04 Feudal Age
19:02 Scale Barding Armor
20:44 Double-Bit Axe
27:47 Forging
45:04 Castle Age
Walter2000
9:19 Loom
11:49 Feudal Age
12:26 Double-Bit Axe
12:53 Fletching
29:01 Fishing Lines
35:12 Wheelbarrow
35:59 Stone Mining
36:13 Gold Mining
39:58 Castle Age
37:45 Town Watch
40:55 Hand Cart
43:41 Imperial Age
42:16 Gold Shaft Mining
42:45 Forging
43:05 Scale Barding Armor
44:16 Iron Casting
GADDAR
3:39 Loom
14:57 Feudal Age
18:09 Fletching
25:17 Castle Age
25:21 Crossbowman
26:05 Bodkin Arrow
26:54 Double-Bit Axe
27:56 Horse Collar
31:29 Thumb Ring
33:46 Bow Saw
36:43 Elite Skirmisher
37:40 Padded Archer Armor
kiyohime
3:42 Loom
14:02 Feudal Age
15:29 Wheelbarrow
14:47 Double-Bit Axe
21:03 Castle Age
19:40 Gold Mining
20:23 Scale Barding Armor
21:48 Husbandry
22:13 Chain Barding Armor
22:04 Forging
24:53 Horse Collar
32:08 Stone Mining
32:48 Hand Cart
34:41 Stone Shaft Mining
34:43 Gold Shaft Mining
34:49 Heavy Plow
38:50 Imperial Age
38:05 Treadmill Crane
38:46 Ballistics
38:24 Fletching
39:10 Iron Casting
39:21 Elite Cataphract
40:46 Crop Rotation
40:30 Bow Saw
41:24 Chemistry
42:12 Two-Man Saw
42:07 Conscription
42:32 Plate Barding Armor
41:54 Bodkin Arrow
43:02 Logistica
43:20 Guilds
Steffler
4:58 Loom
15:09 Feudal Age
19:13 Castle Age
17:13 Double-Bit Axe
23:08 Bow Saw
24:06 Wheelbarrow
26:36 Scale Mail Armor
26:29 Fletching
26:40 Padded Archer Armor
28:06 Bodkin Arrow
28:27 Leather Archer Armor
27:34 Pikeman
28:18 Scale Mail Armor
28:03 Elite Skirmisher
31:09 Town Watch
33:33 Ballistics
34:31 Forging
35:54 Crossbowman
37:25 Squires
38:02 Horse Collar
fom1106
5:44 Loom
14:54 Feudal Age
15:20 Double-Bit Axe
16:55 Stone Mining
16:59 Gold Mining
19:31 Fletching
subaru
12:07 Feudal Age
10:25 Loom
15:11 Man-at-Arms
22:40 Double-Bit Axe
monom song
5:51 Loom
12:09 Feudal Age
13:02 Gold Mining
13:00 Double-Bit Axe
17:50 Fletching
22:41 Horse Collar
Connection lost

Rejoining the realm…

Still unreachable

The connection could not be restored.

Session expired

The server has moved on; the page needs a fresh start.